 Dungeon Crawl Stone Soup version 0.28.0-53-g5a82cb258f (webtiles) character file.

Game seed: 3038005449751795041

274 Zeld the Changer (level 6, -5/51 HPs)
             Began as a Draconian Transmuter on June 3, 2022.
             Slain by a centaur warrior zombie (9 damage)
             ... on level 5 of the Dungeon.
             The game lasted 00:03:39 (3116 turns).

Zeld the Changer (Draconian Transmuter)             Turns: 3116, Time: 00:03:39

Health: -5/51      AC:  6    Str: 14    XL:     6   Next: 3%
Magic:  4/10       EV: 12    Int: 13    God:
Gold:   48         SH:  0    Dex: 12    Spells: 1/11 levels left

rFire   . . .      SeeInvis .     - Unarmed
rCold   . . .      Faith    .   (no shield)
rNeg    . . .      Spirit   .   (armour unavailable)
rPois   .          Reflect  .   (helmet restricted)
rElec   .          Harm     .   (no cloak)
rCorr   .          Rampage  .   (no gloves)
Will    .....                   (no boots)
Stlth   +.........              (no amulet)
HPRegen 0.17/turn               (no ring)
MPRegen 0.12/turn               (no ring)

@: very slightly contaminated
A: AC +6, unfitting armour, cold-blooded
a: no special abilities


You were on level 5 of the Dungeon.
You visited 1 branch of the dungeon, and saw 5 of its levels.

You collected 125 gold pieces.
You spent 77 gold pieces at shops.

Inventory:

Wands
 i - a wand of flame (14)
Scrolls
 a - a scroll of identify
 b - a scroll of enchant armour
 c - a scroll of holy word
 d - a scroll of fear {unknown}
 f - 4 scrolls of teleportation {unknown}
 j - a scroll of magic mapping {unknown}
Potions
 e - a potion of heal wounds
 g - 2 potions of cancellation {unknown}
 h - a potion of might {unknown}
 k - a potion of curing {unknown}


   Skills:
 + Level 3.1 Fighting
 - Level 1.7 Dodging
 - Level 3.0 Unarmed Combat
 + Level 3.1 Spellcasting
 + Level 3.8 Transmutations
 - Level 2.0 Ice Magic
 - Level 2.0 Poison Magic


You had one spell level left.
You knew the following spells:

 Your Spells              Type           Power      Damage    Failure   Level
a - Beastly Appendage     Tmut           22%        N/A       4%          1
b - Wereblood             Tmut           11%        N/A       7%          2
c - Spider Form           Tmut/Pois      9%         N/A       21%         3
d - Ice Form              Ice/Tmut       9%         N/A       56%         4

Your spell library contained the following spells:

 Spells                   Type           Power      Damage    Failure   Level
 Shock                    Conj/Air       8%         1d3       22%         1
 Inner Flame              Hex/Fire       2%         N/A       56%         3
 Swiftness                Air            2%         N/A       56%         3
 Airstrike                Air            1%         N/A       92%         4
 Cause Fear               Hex            1%         N/A       92%         4
 Discord                  Hex            1%         N/A       100%        8


Dungeon Overview and Level Annotations

Branches:
Dungeon (5/15)
 Temple: D:4-7

Altars:
Vehumet
Beogh

Shops:
D:4 !=*(   D:5 [

Annotations:
D:4 3 runed translucent doors, ZoeForever1's ghost, amateur MiBe
D:5 1 transporter


Innate Abilities, Weirdness & Mutations

Your plain brown scales are hard. (AC +6)
You cannot fit into any form of body armour.
You are cold-blooded and may be slowed by cold attacks.


Message History

You now have enough gold to buy a potion of might on D:4.
You can access your shopping list by pressing '$'.
You now have 48 gold pieces (gained 10).
Found a transporter.
Found an ichor-stained leather armour.
A centaur warrior zombie comes into view.
A centaur warrior zombie is nearby!
Casting: Spider Form (dangerous; 21% risk of failure)
Confirm with . or Enter, or press ? or * to list all spells.
The spell is extremely dangerous to miscast (56% risk of failure)!
Continue anyway?
You miscast Ice Form.
You are very lightly contaminated with residual magic.
Nothing appears to happen.
The centaur warrior zombie hits you!
The centaur warrior zombie kicks you but does no damage.
Casting: Ice Form (extremely dangerous; 56% risk of failure)
Confirm with . or Enter, or press ? or * to list all spells.
The spell is extremely dangerous to miscast (56% risk of failure)!
Continue anyway?
You miscast Ice Form.
You shiver with cold!!
The centaur warrior zombie hits you!
The centaur warrior zombie kicks you but does no damage.
The centaur warrior zombie barely misses you.
The centaur warrior zombie kicks you but does no damage.
The centaur warrior zombie barely misses you.
The centaur warrior zombie closely misses you.
The centaur warrior zombie hits you!
* * * LOW HITPOINT WARNING * * *
The centaur warrior zombie kicks you but does no damage.
The centaur warrior zombie hits you.
* * * LOW HITPOINT WARNING * * *
The centaur warrior zombie kicks you but does no damage.
The centaur warrior zombie closely misses you.
The centaur warrior zombie barely misses you.
The centaur warrior zombie hits you but does no damage.
The centaur warrior zombie kicks you but does no damage.
The centaur warrior zombie hits you.
* * * LOW HITPOINT WARNING * * *
The centaur warrior zombie closely misses you.
The centaur warrior zombie hits you!
You die...

#...# #...####................
+.♣.##
##.♣.'.##................
#....#
#....#...................
#...###...##...................
#....#....##...................
#.†.....###...................
#.<†♣.>.# #.∩.................
##.......# #...................
#....#....##..@................
#...###...#####Z#...###########
#....# #....# #.#...# .....
...♣.## ##.♣.+ #.##### .#...
##...# ...#.##.##########.#...
##.## #+###..............#...
.. #.....#........#... ...
#.....#.......##### ...
#.....#............


You could see a centaur warrior zombie.

Vanquished Creatures
  An ogre (D:4)
  A scorpion (D:5)
  A water moccasin skeleton (D:4)
  Robin (D:4)
  A howler monkey skeleton (D:4)
  3 adders
  2 worms
  3 orcs (D:3)
  5 ball pythons
  A bat (D:3)
  An endoplasm (D:2)
  9 goblins
  5 hobgoblins
  A frilled lizard (D:3)
  3 kobolds
  A rat (D:3)
39 creatures vanquished.

Vanquished Creatures (others)
  5 plants (D:4)
5 creatures vanquished.

Grand Total: 44 creatures vanquished

Notes
Turn   | Place    | Note
-------+----------+-------------------------------------------
     0 | D:1      | Zeld the Draconian Transmuter began the quest for the Orb.
     0 | D:1      | Reached XP level 1. HP: 16/16 MP: 3/3
   705 | D:3      | Reached XP level 2. HP: 23/23 MP: 3/5
   708 | D:3      | Learned a level 2 spell: Wereblood
   733 | D:3      | Reached skill level 1 in Poison Magic
   746 | D:3      | Reached skill level 1 in Ice Magic
  1030 | D:4      | Reached XP level 3. HP: 28/28 MP: 4/6
  1034 | D:4      | Learned a level 3 spell: Spider Form
  1044 | D:4      | Found Igotax's General Store.
  1054 | D:4      | Bought a scroll of identify for 22 gold pieces
  1115 | D:4      | Found a radiant altar of Vehumet.
  1141 | D:4      | Found a runed translucent gate.
  1141 | D:4      | Found a runed translucent gate.
  1141 | D:4      | Found a runed translucent gate.
  1141 | D:4      | Noticed ZoeForever1's ghost (amateur MiBe)
  1191 | D:4      | Reached XP level 4. HP: 14/36 MP: 5/7
  1306 | D:4      | Found Cowu's Antique Weapon Shoppe.
  1392 | D:4      | Found Wiaw's Distillery.
  1401 | D:4      | Bought a potion of heal wounds for 55 gold pieces
  1433 | D:4      | Noticed an ogre
  1477 | D:4      | Found Zetegg's Jewellery Shop.
  1501 | D:4      | Killed an ogre
  1502 | D:4      | Reached XP level 5. HP: 16/42 MP: 4/8
  1693 | D:4      | Noticed Robin
  2028 | D:4      | Killed Robin
  2741 | D:5      | Entered Level 5 of the Dungeon
  2769 | D:5      | Found Icughus's Antique Armour Boutique.
  2790 | D:5      | Reached XP level 6. HP: 25/51 MP: 3/10
  2805 | D:5      | Learned a level 4 spell: Ice Form
  3087 | D:5      | Found a transporter.
  3116 | D:5      | Slain by a centaur warrior zombie

Illustrated notes

Levels and vault maps discovered:
D:1:      lemuel_arrival_room, layout_loops_corners,
          ebering_ecumenical_altar_hall, serial_park_tiny_1
D:2:      layout_loops_corners
D:3:      layout_rooms, ebering_ghost_sewer_d
D:4:      cheibrodos_old_hovel, layout_loops_cross,
          mainiacjoe_overflow_tiny_flanked, biasface_ghost_orc_armoury,
          serial_shops, nicolae_lakefront_shop, nicolae_stop_n_shop_1, shop,
          shop, cheibrodos_sewer_entry_bend, uniq_robin
D:5:      layout_basic, serial_shops, nicolae_square_shop, shop,
          gammafunk_ghost_stat_death, grunt_ministairs_13, grunt_decor_cap,
          due_unseen_surprise

Skill      XL: |  1  2  3  4  5 |
---------------+----------------+-----
Poison Magic   | 1 2 |  2.0
Ice Magic      | 1 2 |  2.0
Fighting       | 2 3 |  3.1
Transmutations | 3 |  3.8
Spellcasting   | 3 |  3.1
Dodging        | |  1.7
Unarmed Combat | |  3.0

Action                   |  1- 3 |  4- 6 || total
-------------------------+-------+-------++-------
Melee: Unarmed           |    61 |    82 ||   143
       Kick              |     9 |     8 ||    17
       Headbutt          |    10 |     3 ||    13
       Tailslap          |     3 |     4 ||     7
       Punch             |     1 |     3 ||     4
 Cast: Beastly Appendage |    12 |     8 ||    20
       Spider Form       |       |     4 ||     4
  Use: Scroll            |     2 |       ||     2
Armor: Skin              |    17 |    30 ||    47
Dodge: Dodged            |    40 |    80 ||   120
